 Dungeon Crawl Stone Soup version 0.30-a0-1103-g25895a7845 (webtiles) character file.

Game seed: 12038723207772866917

21 BlueFish the Grasshopper (level 2, 0/19 HPs)
             Began as an Octopode Warper on Apr 18, 2023.
             Slain by a quokka (2 damage)
             ... on level 1 of the Dungeon.
             The game lasted 00:00:35 (392 turns).

BlueFish the Grasshopper (Octopode Warper)           Turns: 392, Time: 00:00:35

Health: 0/19       AC:  1    Str: 10    XL:     2   Next: 87%
Magic:  5/5        EV: 13    Int: 15    God:
Gold:   34         SH:  0    Dex: 11    Spells: 1/5 levels left

rFire   . . .      SeeInvis .    a - +0 mace
rCold   . . .      Faith    .    (no shield)
rNeg    . . .      Spirit   .    (helmet restricted)
rPois   .          Reflect  .    (no amulet)
rElec   .          Rampage  .    (no ring)
rCorr   .                        (no ring)
Will    .....                    (no ring)
Stlth   +++                      (no ring)
HPRegen 0.23/turn                (no ring)
MPRegen 0.09/turn                (no ring)
                                 (no ring)
                                 (no ring)

@: no status effects
A: almost no armour, amphibious, 8 rings, camouflage 1, gelatinous body 1,
(nimble swimmer 1), tentacles
a: no special abilities


You were on level 1 of the Dungeon.
You visited 1 branch of the dungeon, and saw 1 of its levels.

You collected 34 gold pieces.

Inventory:

Hand Weapons
 a - a +0 mace (weapon)
Missiles
 c - 7 boomerangs of dispersal
 d - 23 stones (quivered)
 e - 5 poisoned darts
Scrolls
 b - a scroll of blinking


   Skills:
 + Level 2.1 Fighting
 + Level 2.1 Maces & Flails
 + Level 1.2 Throwing
 + Level 2.5 Dodging
 * Level 1.7 Stealth
 + Level 2.1 Spellcasting
 + Level 3.1 Translocations


You had one spell level left.
You knew the following spells:

 Your Spells              Type           Power      Damage    Failure   Level
a - Blink                 Tloc           22%        N/A       9%          2
b - Lesser Beckoning      Tloc           22%        N/A       9%          2

Your spell library contained the following spells:

 Spells                   Type           Power      Damage    Failure   Level
 Teleport Other           Tloc           11%        N/A       19%         3
 Vhi's Electric Charge    Tloc/Air       12%        N/A       34%         3
 Manifold Assault         Tloc           11%        N/A       52%         4


Dungeon Overview and Level Annotations

Branches:
Dungeon (1/15)

Altars:


Innate Abilities, Weirdness & Mutations

You cannot wear most types of armour.
You are amphibious.
You can wear up to eight rings at the same time.
Your skin changes colour to match your surroundings (Stealth+).
Your rubbery body absorbs attacks. (AC +1, EV +1)
((You are camouflaged when in or above water. (Stealth+)))
You have tentacles for arms and can constrict up to eight enemies at once.


Message History

You kill the hobgoblin!
You closely miss the goblin. Your grab misses the goblin.
Your squeeze misses the goblin. The goblin hits you but does no damage.
You hit the goblin.
You kill the goblin!
Things that are here:
a +0 club; a goblin corpse You now have 34 gold pieces (gained 5).
A hobgoblin and a goblin come into view.
Found 6 gold pieces.
The goblin shouts!
You thump the goblin!
You kill the goblin!
No target in view!
No target in view!
You closely miss the hobgoblin. Your grab misses the hobgoblin.
The hobgoblin barely misses you.
You hit the hobgoblin.
You kill the hobgoblin!
You see here a hobgoblin corpse.
A goblin and a quokka come into view.
There are monsters nearby!
The goblin shouts!
You hear an angry hiss.
The quokka closely misses you.
You closely miss the quokka. Your grab misses the quokka.
The quokka bites you. x2
You are too injured to fight recklessly!
You are too injured to fight recklessly!
You closely miss the goblin. Your grab misses the goblin.
The quokka closely misses you. The goblin misses you.
A ball python comes into view.
You closely miss the goblin.
The ball python hisses angrily.
You grab the goblin. You constrict the goblin. The quokka closely misses you.
The goblin barely misses you. The quokka bites you.
The goblin hits you with a +0 dagger.
* * * LOW HITPOINT WARNING * * *
You completely miss the goblin. You squeeze the goblin.
You kill the goblin!
The quokka barely misses you. The quokka bites you.
You die...

#..# ##.### r≈≈≈ #..#
###.### ~≈~≈## #..#
#...... ≈≈~P..#
......#.### ~~.P...
###..## #.#
P~.S...####.##$# #.#
~~..#.......##)# #.#
.......)....##.# #)#
......r@....†..## #.#
~.###.##.$###...####.#
# # #.............# #
#.####...###### # #.#
##.## # #.# #.# # #.#
#.# # ..# #.# # .. #


You could see 2 quokkas and a ball python.

Vanquished Creatures
  A dart slug (D:1)
  A ball python (D:1)
  An endoplasm (D:1)
  6 goblins (D:1)
  5 hobgoblins (D:1)
  A bat (D:1)
  A kobold (D:1)
  A rat (D:1)
17 creatures vanquished.

Vanquished Creatures (others)
  A plant (D:1)
1 creature vanquished.

Grand Total: 18 creatures vanquished

Notes
Turn   | Place    | Note
-------+----------+-------------------------------------------
     0 | D:1      | BlueFish the Octopode Warper began the quest for the Orb.
     0 | D:1      | Reached XP level 1. HP: 14/14 MP: 3/3
    50 | D:1      | Reached skill level 1 in Stealth
   187 | D:1      | Reached XP level 2. HP: 19/19 MP: 5/5
   209 | D:1      | Learned a level 2 spell: Blink
   212 | D:1      | Learned a level 2 spell: Lesser Beckoning
   392 | D:1      | Slain by a quokka

Illustrated notes

Levels and vault maps discovered:
D:1:      dpeg_arrival_morbid_curiosity, layout_loops_ring, chequers_big_river,
          amcnicky_mini_pool_small

Skill      XL: |  1 |
---------------+----+-----
Stealth        | 1 |  1.7
Fighting       | |  2.1
Maces & Flails | |  2.1
Throwing       | |  1.2
Dodging        | |  2.5
Spellcasting   | |  2.1
Translocations | |  3.1

Action                     || total
---------------------------++-------
  Melee: Mace              ||    28
         Constrict         ||     5
         Tentacles         ||     3
   Stab: Sleeping          ||     3
 Armour: Skin              ||     7
  Dodge: Dodged            ||    15

Table legend: (Time is in decaauts)
 A = Elapsed time spent in this place.
 B = Non-inter-level travel time spent in this place.
 C = Inter-level travel time spent in this place.
 D = Time resting spent in this place.
 E = Time spent auto-exploring this place.
 F = Levels seen in this place.
 G = Mean time per level.
                   A        B        C        D        E       F      G
               +--------+--------+--------+--------+--------+-----+--------+
         Total |    400 |    400 |      0 |      0 |    299 |   1 |  400.0 |
       Dungeon |    400 |    400 |      0 |      0 |    299 |   1 |  400.0 |
               +--------+--------+--------+--------+--------+-----+--------+

Top non-repeatable levels by time:
     D:1: 400 daAuts
